 Dungeon Crawl Stone Soup version 0.32-a0-576-g706899e69d (webtiles) character file.

Game seed: 9981418815132903868

367 DrKenneth the Trooper (level 6, -4/53 (56) HPs)
             Began as a Minotaur Fighter on Mar 2, 2024.
             Was an Initiate of Makhleb.
             Slain by a wight
             ... wielding a +4 spear
              (8 damage)
             ... on level 4 of the Dungeon.
             The game lasted 00:06:42 (2024 turns).

DrKenneth the Trooper (Minotaur Fighter)            Turns: 2024, Time: 00:06:46

HP:   -4/53 (56)    AC:  7    Str: 22    XL:     6   Next: 41%
MP:   5/5           EV:  9    Int:  5    God:    Makhleb [......]
Gold: 196           SH:  5    Dex: 16    Spells: 5/5 levels left

rFire   . . .        a - +1 war axe
rCold   . . .        c - +0 buckler
rNeg    . . .        b - +0 scale mail
rPois   .            (helmet restricted)
rElec   .            (no cloak)
rCorr   .            (no gloves)
SInv    +            (no boots)
Will    .....        j - amulet of regeneration Stlth
                     g - ring of see invisible
HPRegen 1.08/turn    n - +6 ring of dexterity
MPRegen 0.09/turn

%: no passive effects
@: drained
A: horns 2, retaliatory headbutt
a: Renounce Religion


You were on level 4 of the Dungeon.
You worshipped Makhleb.
Makhleb was noncommittal.
You visited 2 branches of the dungeon, and saw 5 of its levels.

You collected 196 gold pieces.

Inventory:

Hand Weapons
 a - a +1 war axe (weapon)
Armour
 b - a +0 scale mail (worn)
 c - a +0 buckler (worn)
Jewellery
 g - a ring of see invisible (left hand)
 h - a ring of poison resistance
 j - an amulet of regeneration (around neck)
 n - a +6 ring of dexterity (right hand)
Wands
 q - a wand of flame (28)
Scrolls
 f - a scroll of silence {unknown}
 i - a scroll of poison {unknown}
 k - a scroll of fog {unknown}
 l - a scroll of amnesia {unknown}
 o - 2 scrolls of identify
 p - a scroll of enchant weapon
 r - a scroll of teleportation {unknown}
Potions
 d - a potion of might
 e - a potion of mutation
 m - a potion of cancellation {unknown}
 s - a potion of attraction {unknown}
 t - a potion of enlightenment {unknown}


   Skills:
 + Level 5.4 Fighting
 + Level 4.5 Axes
 + Level 5.3 Armour
 + Level 5.3 Shields


You had 5 spell levels left.
You didn't know any spells.
Your spell library contained the following spells:

 Spells                   Type           Power      Damage    Failure   Level
 Apportation              Tloc           0%         N/A       85%         1
 Jinxbite                 Hex            0%         N/A       94%         2
 Tukima's Dance           Hex            0%         N/A       99%         3
 Dimensional Bullseye     Hex/Tloc       0%         N/A       100%        4
 Iskenderun's Mystic Bla  Conj/Tloc      0%         2d3       100%        4
 Alistair's Intoxication  Alch           0%         N/A       100%        5


Dungeon Overview and Level Annotations

Branches:
Dungeon (4/15)             Temple (1/1) D:4

Altars:
Cheibriados
Dithmenos
Elyvilon
Fedhas
Gozag
Kikubaaqudgha
Makhleb
Nemelex Xobeh
Ru
Uskayaw
Vehumet
Wu Jian
Xom
Zin
The Shining One


Innate Abilities, Weirdness & Mutations

You have a pair of horns on your head.
You reflexively headbutt those who attack you in melee.


Message History

The wight hits you but does no damage. You block the wight's attack.
The wight misses you.
You closely miss the wight.
The wight is heavily damaged.
You barely miss the wight. You slash the wight! The wight closely misses you.
You furiously retaliate!
You headbutt the wight. The wight hits you with a +2 hand axe!
The wight hits you with a +4 spear.
You feel drained.
You hit the wight but do no damage.
The wight is heavily damaged.
You slash the wight!
You destroy the wight!
Makhleb accepts your kill.
You completely miss the wight. You block the wight's attack.
The wight hits you with a +4 mace of freezing.
The wight freezes you.
You hit the wight but do no damage. Your headbutt misses the wight.
The wight is heavily damaged.
You slash the wight! The wight hits you with a +4 spear.
The wight hits you with a +4 mace of freezing.
You feel drained. The wight freezes you. The wight hits you but does no damage.
The wight hits you with a +4 spear!
* * * LOW HITPOINT WARNING * * *
You barely miss the wight.
The wight is heavily damaged.
You hit the wight but do no damage. The wight hits you with a +4 spear!
* * * LOW HITPOINT WARNING * * *
You feel drained.
* * * LOW HITPOINT WARNING * * *
The wight hits you with a +4 mace of freezing.
* * * LOW HITPOINT WARNING * * *
The wight freezes you.
* * * LOW HITPOINT WARNING * * *
You barely miss the wight. You headbutt the wight.
The wight is heavily damaged.
You hit the wight.
You destroy the wight!
Makhleb accepts your kill. The wight hits you with a +4 spear!
You die...

## .# #. .# #..
####.### #..##......
#....?.z)# #......@)#
#........# ...
###.....## #.# #
#.....# #.#.# ###.###
##.#. #.# ... #.##
#.# #..# ##.########
###'#######.......#..


You could see a wight.

Vanquished Creatures
  A phantom (D:3)
  3 wights (D:4)
  A bombardier beetle (D:4)
  Jessica (D:3)
  Natasha (thrice) (D:3)
  An adder (D:3)
  2 dart slugs
  A ribbon worm (D:3)
  An orc (D:3)
  4 endoplasms
  A giant cockroach (D:1)
  4 goblins
  4 hobgoblins
  A kobold (D:3)
  3 quokkas
  6 ball pythons
  7 bats
  5 rats
49 creatures vanquished.

Notes
Turn   | Place    | Note
-------+----------+-------------------------------------------
     0 | D:1      | DrKenneth the Minotaur Fighter began the quest for the Orb.
     0 | D:1      | Reached XP level 1. HP: 19/19 MP: 0/0
   105 | D:1      | Reached XP level 2. HP: 27/27 MP: 1/1
   725 | D:2      | Reached XP level 3. HP: 33/33 MP: 2/2
  1222 | D:3      | Noticed Natasha
  1227 | D:3      | Killed Natasha
  1228 | D:3      | Reached XP level 4. HP: 36/41 MP: 3/3
  1256 | D:3      | Noticed Natasha
  1262 | D:3      | Killed Natasha
  1358 | D:3      | Noticed a phantom
  1366 | D:3      | Killed a phantom
  1367 | D:3      | Reached XP level 5. HP: 34/47 MP: 4/4
  1423 | D:3      | Noticed Jessica
  1433 | D:3      | Noticed Natasha
  1436 | D:3      | Killed Jessica
  1441 | D:3      | Killed Natasha
  1442 | D:3      | Reached skill level 5 in Fighting
  1442 | D:3      | Reached skill level 5 in Armour
  1442 | D:3      | Reached skill level 5 in Shields
  1825 | D:4      | Reached XP level 6. HP: 56/56 MP: 5/5
  1877 | D:4      | Found a staircase to the Ecumenical Temple.
  1884 | Temple   | Entered the Ecumenical Temple
  1891 | Temple   | Became a worshipper of Makhleb the Destroyer
  2023 | D:4      | HP: 2/53 [wight/+4 mace of freezing (1)]
  2024 | D:4      | Slain by a wight

Illustrated notes

Levels and vault maps discovered:
D:1:      psy_arrival_fountain, layout_rooms
D:2:      layout_loops_ring
D:3:      layout_rooms, uniq_natasha, uniq_jessica
D:4:      layout_loops_corners, minmay_temple_entry_hall, uniq_pargi,
          uniq_menkaure, uniq_robin
Temple:   regret_index_temple_waves

Skill      XL: |  1  2  3  4  5 |
---------------+----------------+-----
Fighting       | 4 5 |  5.4
Axes           | 3 4 |  4.5
Armour         | 4 5 |  5.3
Shields        | 4 5 |  5.3

Action                     |  1- 3 |  4- 6 || total
---------------------------+-------+-------++-------
  Melee: War axe           |    76 |    49 ||   125
         Headbutt          |     9 |     9 ||    18
    Use: Scroll            |       |     2 ||     2
 Armour: Scale mail        |    53 |    42 ||    95
  Dodge: Dodged            |    32 |    25 ||    57
  Block: Buckler           |    16 |    13 ||    29

Table legend: (Time is in decaauts)
 A = Elapsed time spent in this place.
 B = Non-inter-level travel time spent in this place.
 C = Inter-level travel time spent in this place.
 D = Time resting spent in this place.
 E = Time spent auto-exploring this place.
 F = Levels seen in this place.
 G = Mean time per level.
                   A        B        C        D        E       F      G
               +--------+--------+--------+--------+--------+-----+--------+
         Total |   2079 |   1718 |    361 |     42 |   1312 |   5 |  415.8 |
       Dungeon |   1964 |   1716 |    248 |     42 |   1312 |   4 |  491.0 |
        Temple |    115 |      2 |    113 |      0 |      0 |   1 |  115.0 |
               +--------+--------+--------+--------+--------+-----+--------+

Top non-repeatable levels by time:
     D:3: 723 daAuts
     D:2: 577 daAuts
     D:1: 538 daAuts
     D:4: 125 daAuts
  Temple: 115 daAuts
